[Event "American Cup Blitz 2024"]
[Site "Saint Louis"]
[Date "2024.03.21"]
[Round "2.9"]
[White "Hong, Andrew"]
[Black "Oparin, Grigoriy"]
[Result "1/2-1/2"]
[ECO "B67"]
[WhiteElo "2542"]
[BlackElo "2671"]
[Annotator "TA"]
[PlyCount "228"]
[EventDate "2024.03.21"]
[EventType "swiss"]
[EventCountry "USA"]
[SourceTitle "playchess.com"]
[Source "ChessBase"]
[SourceQuality "1"]
[TimeControl "180+2"]

1. e4 c5 2. Nc3 Nc6 3. Nf3 d6 4. d4 cxd4 5. Nxd4 Nf6 6. Bg5 e6 7. Qd2 a6 8. O-O-O Bd7 9. f4 h6 10. Bh4 Be7 11. Nf3 Qc7 12. Kb1 b5 13. Bxf6 Bxf6 {[%emt 0:00:06] Weiß hat minimalen Vorteil.} 14. Qxd6 Qxd6 15. Rxd6 Bxc3 16. bxc3 Ke7 17. Rd2 Rhc8 18. Be2 Na5 19. Rhd1 Be8 20. Kb2 Nb7 21. c4 Nc5 22. Rd4 Na4+ 23. Ka1 Nc3 24. Re1 Rab8 25. Bd3 a5 26. Nd2 b4 27. e5 Bc6 28. Be4 Rd8 29. Rxd8 Rxd8 30. Bxc6 Rxd2 $11 {[%emt 0:00:01][%mdl 4096] Endspiel. KRB-KRN} 31. Kb2 Kd8 32. a3 Kc7 (32... Ne2 $1 $11 {hält das Gleichgewicht.}) 33. axb4 $16 axb4 34. Bf3 {[%emt 0:00:05] Droht Kb3 und aus.} Kb6 35. Ra1 (35. Kb3 $16 Kc5 36. h3) 35... Ne2 $1 $11 36. c5+ Kxc5 37. Ra7 Nxf4 38. Rxf7 g5 {[%emt 0:00:01] Droht stark ...Nd3+.} 39. Kb3 Nxg2 40. Rf6 $2 (40. Rc7+ $11 Kb5 41. Rb7+ (41. c4+ bxc3 42. Kxc3 Rf2 $11) 41... Ka5 (41... Kc5 42. Rc7+ Kb6 43. Rc6+ Kb5 44. Rc4 $14) 42. c3) 40... Nf4 $2 (40... Ne1 $19 41. Be4 Re2 (41... Rxh2 42. Rxe6 Rh3+ 43. Kb2 $17)) 41. Rxh6 $15 Rf2 42. Bg4 Kd5 43. h4 gxh4 44. Rxh4 Kxe5 45. Rh1 Rg2 46. Re1+ Kd6 47. Bd1 Nd5 48. Kb2 Rg3 49. Re4 (49. Bh5 $15) 49... Nc3 $17 50. Re1 e5 51. Bh5 e4 52. Kb3 $2 (52. Ra1 $17) 52... Kc5 $1 $19 53. Kb2 e3 54. Kc1 Kd4 $2 (54... Kc4 {Zielt auf ...Kd4 ab.} 55. Bf7+ Kd4) 55. Rh1 $2 (55. Kb2) 55... Rg5 56. Bf3 Rf5 57. Rh4+ Kc5 (57... Ke5 58. Rh5 Rxh5 59. Bxh5) 58. Rh3 Rg5 (58... Rf4 $142 59. Rg3 Rf6 (59... e2 $2 60. Rg5+ Kc4 61. Bxe2+ Nxe2+ 62. Kb2 $19)) 59. Rh1 Rg7 $2 (59... Rg3 60. Bb7 Rg6) 60. Rh5+ $2 (60. Re1) 60... Kc4 61. Rh4+ Kb5 $1 62. Rh5+ (62. Rh1 $142 Kc4 63. Re1) 62... Kb6 63. Rh1 {[%emt 0:00:03] Es drohte Rg1+} Rf7 64. Bg4 $2 (64. Bd1) 64... Rf4 65. Bh5 Kc5 $2 (65... e2 {( -> ...Rf1+)} 66. Bxe2 Nxe2+ 67. Kb2 Nc3) 66. Kb2 (66. Re1 $142) 66... Rf2 67. Re1 $2 {[%emt 0:00:02] [#]} (67. Bg6 $19) 67... Kd4 $2 (67... e2 $1 {setzt Matt} 68. Bxe2 Nxe2 (68... Rxe2 $2 69. Rh1 $19) 69. Kb1 Kc4 70. Rh1 Nd4 71. Rh4 Kc3 (71... Rxc2 72. Rxd4+ Kxd4 73. Kxc2 $11) 72. Rh3+ Rf3 73. Rh2 Rf1+ 74. Ka2 Rc1 (74... Nxc2 75. Rxc2+ Kxc2 $11) 75. Rh8 Rxc2+ 76. Kb1 b3 (76... Rb2+ {ist ein Selbstmatt.} 77. Kc1 Nb3+ 78. Kd1 Rd2+ 79. Ke1 Nd4 80. Rc8+ Kd3 81. Rg8 b3 82. Rg3+ Kc2 83. Rg8 Kc1 84. Rh8 b2 85. Rb8 Re2+ 86. Kf1 b1=Q 87. Rxb1+ Kxb1 88. Kg1 Kc2 89. Kf1 Kd1 90. Kg1 Ke1 91. Kh1 Rf2 92. Kg1 Nf3+ 93. Kh1 Rh2#) 77. Rb8 Rh2 (77... Rb2+ {wird mattgesetzt.} 78. Kc1 Rh2 79. Rc8+ Kb4 80. Rb8+ Nb5 81. Kb1 Kc4 82. Rc8+ Kd5 83. Rd8+ Ke6 84. Re8+ Kd7 85. Re2 Rxe2 86. Ka1 Ra2+ 87. Kb1 Nc3+ 88. Kc1 Rc2#) 78. Rc8+ Kb4 79. Rg8 Nb5 80. Rb8 Rg2 81. Kc1 b2+ 82. Kb1 Kc4 83. Rxb5 Kxb5 84. Ka2 Kb4 85. Kb1 Kc3 86. Ka2 Rg1 87. Ka3 Ra1#) 68. Kb3 $15 Nd5 69. Bg4 Rd2 70. Be6 Nf4 71. Bg4 {[%emt 0:00:02] [#]} (71. Bc4 $15) 71... Ng2 (71... Rg2 $1 $17 72. Bd1 Rd2) 72. Ra1 ({Günstiger ist} 72. Rd1 $1 $11) 72... e2 73. Bxe2 $1 Rxe2 74. Kxb4 Rxc2 {[%emt 0:00:02] KRN-KR} 75. Rd1+ Ke4 76. Rh1 Ne3 77. Rh4+ Kd3 78. Rh3 Rg2 79. Kb3 Rg4 80. Rf3 Kd4 81. Rh3 Rf4 82. Rg3 Rf8 83. Rh3 Rb8+ 84. Ka4 Nd5 85. Rh4+ Kc5 86. Rh5 Rb4+ 87. Ka3 Rb1 88. Ka4 Rb8 89. Rg5 Rb4+ 90. Ka3 Rf4 91. Kb3 Rf3+ 92. Ka4 Rd3 93. Rh5 Rf3 94. Rg5 Kc4 95. Rg4+ Nf4 96. Ka5 Rf1 97. Kb6 Kd5 98. Rg5+ Kd6 99. Kb5 Ne6 100. Rh5 Rc1 101. Kb4 {[%emt 0:00:01] Die Stellung ist ausgeglichen.} Nf4 102. Rg5 $1 Nd5+ 103. Kb3 Rc3+ 104. Kb2 Rf3 105. Rg8 Kc5 106. Rc8+ $1 Kd4 107. Rd8 Rh3 108. Kc2 Rh7 109. Rd6 Rc7+ 110. Kd2 Ra7 111. Ke2 Rb7 112. Rd8 Rf7 113. Rd6 Rf6 114. Rxf6 Nxf6 {[%emt 0:00:02] Schwarz hatte alle Gewinnchancen.   Gewichteter Fehlerwert: Weiß=0.59/Schwarz=0.42.  Verlustzug:     	Weiß=2     	---        Gewinn verpasst:   	---       	Schwarz=2     Fehler:       	Weiß=5     	Schwarz=2     Ungenau:       	---       	Schwarz=3     OK:         	Weiß=29    	Schwarz=35    Bester:       	Weiß=6     	Schwarz=3     Stark:        	Weiß=3     	Schwarz=2} 1/2-1/2

[Event "American Cup Blitz 2024"]
[Site "Saint Louis"]
[Date "2024.03.21"]
[Round "2.10"]
[White "Ladan, Nicholas"]
[Black "Rosen, Eric"]
[Result "1-0"]
[ECO "E04"]
[WhiteElo "2183"]
[BlackElo "2361"]
[Annotator "TA"]
[PlyCount "103"]
[EventDate "2024.03.21"]
[EventType "swiss"]
[EventCountry "USA"]
[SourceTitle "playchess.com"]
[Source "ChessBase"]
[SourceQuality "1"]
[TimeControl "180+2"]

1. d4 d5 2. c4 e6 3. Nf3 Nf6 4. g3 dxc4 5. Bg2 Bb4+ 6. Bd2 c5 7. O-O O-O 8. dxc5 Bxc5 {[%emt 0:00:01] The position is equal.} 9. Ne5 Qc7 10. Nxc4 Rd8 (10... Bxf2+ $5 11. Rxf2 Qxc4 $11) 11. Qc1 Nc6 {[%emt 0:00:17] Prevents Ba5} 12. Nc3 a6 (12... h6 $11) 13. Rd1 h6 14. Bf4 Rxd1+ 15. Qxd1 e5 16. Be3 Nd4 17. Rc1 {[%emt 0:00:13] Hoping for Na4.} Be6 18. Na4 $36 {[%emt 0:00:17][%mdl 2048] White has good play.} Ba7 $2 {[%emt 0:00:12][%mdl 8192] [#] Black cannot hold the game after this.} (18... Ng4 $1 $11) 19. Ncb6 $1 $18 Qd8 (19... Bxb6 20. Rxc7) 20. Nxa8 Qxa8 21. Nc5 Bf5 $2 (21... Bxc5 22. Rxc5 Nc6 23. Bxc6 bxc6 24. Rxe5 Ng4) 22. Bxd4 ({Don't do} 22. Bxb7 Qe8 23. Bxa6 (23. Nxa6 Qb5 $18) 23... Bh3 24. Bxd4 exd4) (22. Nxb7 Qf8 23. Bxd4 Bxd4 $18) 22... exd4 23. Qxd4 Qf8 24. Qe5 Bg6 25. Nd3 Bb8 26. Qc5 {[%emt 0:00:02] Strongly threatening Qxf8+.} Bd6 27. Qc8 b5 28. Qxf8+ Kxf8 29. Rc8+ Ke7 30. Ra8 Kd7 31. Rxa6 Kc7 32. Rc6+ Kd7 33. Nc5+ Ke7 34. Nb3 Nd7 35. Ra6 Bf5 36. Ra7 Kd8 37. Nd4 Bb1 38. Bh3 Ne5 {[%emt 0:00:02] Prevents Nc6+} 39. f4 Bc5 40. Ra8+ Kc7 41. e3 Nc4 42. Rc8+ Kd6 43. Rc6+ Kd5 44. Bg2+ Be4 45. Bxe4+ Kxe4 46. Rxc5 Nxe3 47. Nc2 Ng4 48. Rxb5 f5 49. a4 {[%emt 0:00:03] White mates.} Kf3 50. Ne1+ Ke2 {[%emt 0:00:02] [#]} 51. Re5+ $1 Nxe5 (51... Kd1 52. Re7) 52. fxe5 {[%emt 0:00:01] Weighted Error Value: White=0.24 (precise) /Black=0.60.  Loses game:     	---       	Black=1      Mistake:       	---       	Black=2      Inaccurate:     	White=2     	Black=4      OK:         	White=10    	Black=5      Best:        	White=1     	Black=2} 1-0

[Event "American Cup Blitz 2024"]
[Site "Saint Louis"]
[Date "2024.03.21"]
[Round "3.1"]
[White "Aronian, Levon"]
[Black "Durarbayli, Vasif"]
[Result "0-1"]
[ECO "C13"]
[WhiteElo "2722"]
[BlackElo "2627"]
[Annotator "TA"]
[PlyCount "90"]
[EventDate "2024.03.21"]
[EventType "swiss"]
[EventCountry "USA"]
[SourceTitle "playchess.com"]
[Source "ChessBase"]
[SourceQuality "1"]
[TimeControl "180+2"]

1. e4 e6 2. d4 d5 3. Nc3 Nf6 4. Bg5 dxe4 5. Nxe4 Nbd7 6. Nf3 h6 7. Bxf6 Nxf6 {[%emt 0:00:01] C13: French: Classical System: 4 Bg5 Be7, Alekhine-Chatard Attack.} 8. Bd3 Bd6 9. Qe2 Nd5 10. g3 O-O $146 ({Predecessor:} 10... Qe7 11. c3 Bd7 12. O-O-O Nf6 13. Kb1 Bc6 14. Rhe1 Nxe4 15. Bxe4 Bxe4+ 16. Qxe4 c6 {0-1 Thar,S (2138)-Aveskulov,V (2529) Titled Tuesday intern op 2nd May blitz 2015 (1)}) 11. a3 f5 12. Ned2 c5 13. dxc5 Bxc5 14. O-O-O (14. Nb3 $16 Bd6 15. O-O-O) 14... Qf6 {[%emt 0:00:25] [#]} (14... Qb6 $11) 15. Nb3 $1 $16 Bb6 16. Rhe1 Bd7 17. c4 (17. Bc4 $16) 17... Rac8 (17... Ba4 $1 $14) 18. Kb1 Ne7 19. Bc2 Rfd8 20. Ne5 Ba4 21. f4 Rxd1+ ({Black should play} 21... Be8) 22. Rxd1 $16 Nc6 (22... Ng6 $16) 23. Nd7 $2 (23. c5 $18 Bc7 24. Qc4) 23... Qe7 $14 {[%emt 0:00:01] [#]} 24. Nxb6 ({Better is} 24. c5 $1 $16 Bc7 25. Qc4) 24... axb6 $14 25. Qe3 Na5 $1 26. Nxa5 Bxc2+ 27. Kxc2 bxa5 28. Qc3 b5 29. Qxa5 Rxc4+ 30. Kb1 Qb7 31. Qd8+ Kh7 32. Qd3 Re4 33. Rd2 b4 34. axb4 (34. Qb3 $11 {keeps the balance.}) 34... Rxb4 $17 35. Re2 (35. Qe2 $17 {was called for.}) 35... Qh1+ $19 36. Kc2 Qc6+ 37. Kb1 Rc4 38. Qe3 (38. Re1 $17) 38... Re4 $2 (38... Qh1+ $19 39. Re1 Qxh2) 39. Qd3 (39. Qf3 $1 $11) 39... Ra4 $17 40. b3 $2 (40. Re1 $17) 40... Qh1+ 41. Kc2 Ra2+ 42. Kc3 Qc6+ 43. Kd4 Qb6+ 44. Kc4 Qa6+ (44... Rxe2 $142 45. g4 Re4+ (45... Rxh2 $2 46. gxf5 Qc7+ 47. Kb5 $19) 46. Kc3 Re3 (46... Rxf4 47. g5 Qa5+ 48. Kb2 Rf2+ 49. Qc2 Qe5+ 50. Kb1 Rf1+ 51. Qc1 Rxc1+ 52. Kxc1 Qe2 53. h3 f4 54. gxh6 Kxh6 55. Kb1 f3 56. h4 f2 57. Kc1 f1=Q#) 47. gxf5 Rxd3+ 48. Kxd3 Qxb3+ (48... exf5 {gets mated.} 49. h4 Qxb3+ 50. Kd4 Kg6 51. Kc5 Kf7 52. Kd6 Qb5 53. Kc7 Ke6 54. h5 Ke7 55. Kc8 Kd6 56. Kd8 Qd7#) 49. Ke2 exf5 50. Kd2 Kg6 51. Ke2 Kh5 52. h3 Qxh3 53. Kd1 Qc3 54. Ke2 Kg4 55. Kd1 Kxf4 56. Ke2 Qc2+ 57. Kf1 Kf3 58. Kg1 Qg2#) 45. Kc3 Qc6+ $2 (45... Qa5+ $19 46. Kd4 Qb6+ 47. Kc3 Qc5+ 48. Qc4 Qxc4+ (48... Rxe2 $2 {is the wrong capture.} 49. Qxc5 Rxh2 50. Qc6 $18) 49. Kxc4 Rxe2) 0-1

[Event "American Cup Blitz 2024"]
[Site "Saint Louis"]
[Date "2024.03.21"]
[Round "3.2"]
[White "Akobian, Varuzhan"]
[Black "Sevian, Samuel"]
[Result "0-1"]
[ECO "E92"]
[WhiteElo "2571"]
[BlackElo "2697"]
[Annotator "TA"]
[PlyCount "76"]
[EventDate "2024.03.21"]
[EventType "swiss"]
[EventCountry "USA"]
[SourceTitle "playchess.com"]
[Source "ChessBase"]
[SourceQuality "1"]
[TimeControl "180+2"]

1. d4 Nf6 2. c4 g6 3. Nc3 Bg7 4. Nf3 d6 5. h3 O-O 6. e4 e5 7. d5 a5 8. Bg5 Na6 9. Be2 h6 10. Be3 Nc5 11. Nd2 Nh7 12. g4 Qh4 13. Nf3 Qe7 14. Qd2 Nf6 {[%emt 0:00:02] White is slightly better.} 15. Qc2 (15. Bxh6 Nfxe4 16. Nxe4 Nxe4 $15) 15... Bd7 16. Nd2 c6 17. O-O-O Rfc8 18. Kb1 cxd5 19. exd5 a4 20. a3 $1 Rab8 21. f3 Qd8 22. Nde4 ({Better is} 22. Rhf1 $16) 22... Nfxe4 (22... Ncxe4 $5 23. fxe4 b5 $11) 23. fxe4 (23. Nxe4 Nxe4 24. Qxe4 f5 $19) 23... Nb3 24. h4 $2 {[%emt 0:00:07][%mdl 8192] [#]} (24. Bd3 $11) 24... Qa5 $2 (24... b5 $1 $19 {Hoping for ...b4.} 25. h5 g5) 25. Rhf1 b5 26. cxb5 Bxb5 27. Bxb5 Rxb5 28. Ka2 $2 (28. Qd3 $1 $11 Rb7 29. Na2) 28... Nd4 $36 {[%emt 0:00:06][%mdl 2048] Black has strong initiative.} 29. Qf2 (29. Qd3 Rb3 30. Rb1) 29... Rb7 {[%emt 0:00:12] [#] ...Rxc3 is the strong threat.} 30. Rc1 Rcb8 {[%emt 0:00:04] White must now prevent ...Rxb2+.} 31. Nd1 Qb5 {[%emt 0:00:00] Threatens to win with ...Qd3.} 32. h5 (32. Rc3 $142) 32... Qb3+ 33. Ka1 Qd3 34. Bxd4 exd4 ({Stronger than} 34... Qxd4 35. Qe2 $14) 35. Qf3 (35. Rc6 $142 Rb3 (35... Qxe4 $2 36. Qf3 $19) 36. Rc2 (36. Qxf7+ Kh8)) 35... Qd2 $19 36. Rb1 {[%emt 0:00:03] White is weak on the dark squares} d3 37. Rf2 Qa5 ({Inferior is} 37... Bxb2+ 38. Rxb2 Qc1+ 39. Ka2 Rxb2+ 40. Nxb2 $11) (37... Qc2 $142 38. Rxc2 dxc2) 38. Qxd3 Rb3 {[%emt 0:00:01] Weighted Error Value: White=1.13/Black=0.40.  Loses game:     	White=1     	---        Missed win:     	---       	Black=1      Mistake:       	White=5     	---        Inaccurate:     	White=2     	Black=1      OK:         	White=3     	Black=6      Best:        	White=2     	Black=4      Strong:       	White=1     	---} 0-1

[Event "American Cup Blitz 2024"]
[Site "Saint Louis"]
[Date "2024.03.21"]
[Round "3.3"]
[White "Kevlishvili, Robby"]
[Black "Naroditsky, Daniel"]
[Result "1/2-1/2"]
[ECO "B29"]
[WhiteElo "2524"]
[BlackElo "2619"]
[Annotator "TA"]
[PlyCount "112"]
[EventDate "2024.03.21"]
[EventType "swiss"]
[EventCountry "USA"]
[SourceTitle "playchess.com"]
[Source "ChessBase"]
[SourceQuality "1"]
[TimeControl "180+2"]

1. e4 c5 2. Nf3 Nf6 3. Nc3 d5 4. exd5 Nxd5 5. Bb5+ Bd7 6. Ne5 Nf6 7. Nxd7 Nbxd7 8. d4 {[%emt 0:00:07] B29: Sicilian: 2 Nf3 Nf6 (Nimzowitsch Variation).} cxd4 9. Qxd4 a6 10. Be2 e6 11. Ne4 Qc7 12. c3 Be7 13. O-O O-O 14. Nxf6+ Bxf6 15. Qb4 $146 ({Predecessor:} 15. Qf4 Be5 16. Qh4 Nf6 17. Bd3 Rfd8 18. Bc2 Rac8 19. Bg5 h6 20. Bxf6 Bxf6 21. Qe4 {½-½ Paravyan,D (2592)-Le,T (2542) Titled Tuesday intern op 13th Sep Early blitz 2022 (6)}) 15... Be5 16. g3 Nf6 17. Bf3 Rab8 18. Be3 b5 19. Rfd1 Rfd8 (19... Rfc8 $11) 20. Qc5 $14 Nd5 21. Bxd5 Qxc5 22. Bxc5 exd5 23. Rd3 Rbc8 24. b4 f5 25. Re1 Bf6 26. Re6 a5 27. Rb6 axb4 28. cxb4 (28. Rxb5 $2 {loses.} bxc3 29. Bb4 d4 (29... c2 $2 30. Bd2 $19) 30. Rxf5 c2 $19) 28... Ra8 29. a3 Bb2 30. Rxb5 Rxa3 31. Rxa3 Bxa3 32. Bd4 Rd7 33. Kf1 Kf7 34. Ke2 Rc7 35. Kd3 ({Resist} 35. Rxd5 Bxb4 36. Rxf5+ Kg8 $14) 35... Ke6 (35... Rc4 $16) 36. Rb6+ Kf7 37. b5 Rc1 38. Rb7+ Ke6 39. Bxg7 (39. Rxg7 $2 {too greedy.} Rd1+ 40. Kc3 Rxd4 41. Rxh7 Rc4+ 42. Kd3 Be7 $19) 39... Rb1 (39... Rd1+ {was necessary.} 40. Ke2 Rb1 41. Rb6+ Kd7 42. Rb7+ Ke6) 40. Bd4 $18 Rb3+ 41. Ke2 Rb4 (41... Bb2 $142 42. Rb6+ Kd7 43. Bxb2 Rxb2+ 44. Ke3 h5) 42. Rb6+ $18 Kd7 43. Be3 (43. Kd3 $18) 43... d4 $16 44. Bf4 Rb3 45. Rb7+ Ke6 46. Rxh7 d3+ 47. Kf1 (47. Kf3 $16) 47... Rb1+ $11 48. Kg2 Rxb5 (48... Bc1 $11 {keeps the balance.} 49. Rh6+ Ke7 50. Rh7+ Ke8 51. Rh8+ Ke7 52. Rh7+ Ke8 53. Rh8+ Ke7 54. Rh7+) 49. Rh6+ (49. Kf3 $16) 49... Kd5 $14 50. Rh8 Bc5 ({Better is} 50... Kc4 $11) 51. Rd8+ (51. Kf3 $1 $14) 51... Kc4 $11 52. Rc8 Kd5 (52... Kb3 $1 $11 {remains equal.}) 53. Rd8+ ({White should play} 53. Kf3 $16) 53... Kc4 $11 54. Rc8 (54. h4 $11) 54... Kd5 $16 55. Rd8+ Kc4 56. Rc8 Kd5 1/2-1/2

[Event "American Cup Blitz 2024"]
[Site "Saint Louis"]
[Date "2024.03.21"]
[Round "3.4"]
[White "Caruana, Fabiano"]
[Black "Budisavljevic, Luka"]
[Result "1-0"]
[ECO "C10"]
[WhiteElo "2804"]
[BlackElo "2483"]
[Annotator "TA"]
[PlyCount "72"]
[EventDate "2024.03.21"]
[EventType "swiss"]
[EventCountry "USA"]
[SourceTitle "playchess.com"]
[Source "ChessBase"]
[SourceQuality "1"]
[TimeControl "180+2"]

1. e4 e6 2. d4 d5 3. Nc3 Nc6 4. Nf3 Nf6 5. exd5 exd5 6. Bb5 Bb4 7. O-O O-O 8. Bg5 Bxc3 9. bxc3 h6 10. Bh4 g5 {[%emt 0:00:12] The position is equal.} 11. Bg3 Ne4 12. Bxc6 bxc6 13. Ne5 f5 ({Black should try} 13... Bf5 $11) 14. f3 $14 ({Of course not} 14. Nxc6 Qf6 15. Ne5 (15. Nb4 f4 $17) 15... f4 $11) 14... Nxg3 (14... Nd6 $142) 15. hxg3 $16 Qd6 16. Qd2 (16. f4 $16 g4 17. Qd2) 16... f4 $14 17. g4 c5 18. Rab1 Ba6 19. Rfe1 c4 20. Kh2 Rab8 21. Rb4 Kg7 22. Reb1 Rb6 23. Qc1 Bc8 24. a4 Rxb4 25. Rxb4 Rf6 (25... h5 $11 {remains equal.}) 26. Rb8 $16 Qd8 {[%emt 0:00:03] Loses the game.} (26... Rf8 $16) 27. a5 {[%emt 0:00:07] Black must now prevent Qa3.} Rf8 28. Qa3 {[%emt 0:00:03] [#] Hoping for Qb4.} Qf6 $2 (28... Qd6 29. Qxd6 cxd6) 29. Qc5 $18 Qd6 30. Qxa7 h5 31. gxh5 {[%emt 0:00:04] Rb6 is the strong threat.} g4 32. fxg4 f3 33. gxf3 {[%emt 0:00:01] [#] Strongly threatening Rb6.} Qf6 34. Qxc7+ {[%emt 0:00:01] White mates.} Kh6 35. Rxc8 Qf4+ 36. Kh3 Qc1 {[%emt 0:00:03] Weighted Error Value: White=0.11 (very precise) /Black=0.57.  Loses game:     	---       	Black=1      Mistake:       	White=1     	Black=4      Inaccurate:     	White=2     	Black=1      OK:         	White=7     	Black=7      Best:        	White=2     	---} 1-0

[Event "American Cup Blitz 2024"]
[Site "Saint Louis"]
[Date "2024.03.21"]
[Round "3.5"]
[White "Theodorou, Nikolas"]
[Black "So, Wesley"]
[Result "1/2-1/2"]
[ECO "E08"]
[WhiteElo "2622"]
[BlackElo "2757"]
[Annotator "TA"]
[PlyCount "92"]
[EventDate "2024.03.21"]
[EventType "swiss"]
[EventCountry "USA"]
[SourceTitle "playchess.com"]
[Source "ChessBase"]
[SourceQuality "1"]
[TimeControl "180+2"]

1. d4 Nf6 2. c4 e6 3. Nf3 d5 4. g3 Bb4+ 5. Bd2 Be7 6. Bg2 O-O 7. O-O c6 8. Qc2 Nbd7 9. Bf4 a5 10. h4 {[%emt 0:00:06] E08: Closed Catalan: Main Line: 7 Qc2.} b6 11. Nbd2 Nh5 12. Bg5 Nhf6 13. Bf4 Ba6 14. e4 $146 ({Predecessor:} 14. Rfe1 c5 15. e4 cxd4 16. exd5 exd5 17. Nxd4 Rc8 18. Qd1 Bc5 19. Nb5 Bxb5 20. cxb5 Re8 21. Rxe8+ Qxe8 22. Nb3 {½-½ Ghazarian,K (2446)-Narayanan,S (2663) Fagernes Autumn op 2022 (5)}) 14... dxc4 15. Nxc4 Rc8 16. Rfe1 c5 17. d5 $1 exd5 18. exd5 Nxd5 19. Ng5 Bxg5 20. Bxg5 Nb4 21. Qf5 (21. Qc3 $1 $16 f6 22. Bf4) 21... f6 $1 $11 22. Nd6 ({White should try} 22. Be4 $11 g6 23. Qe6+ Kh8 24. Rad1) 22... fxg5 $15 23. Qe6+ Kh8 24. Nf7+ Rxf7 $1 25. Qxf7 Nc2 $1 (25... gxh4 26. Re7 Qf8 27. Rxd7 $18) 26. Re7 $1 Qf8 27. Rd1 Qxf7 (27... Bc4 28. Qxc4 (28. Qxf8+ Nxf8 29. Bh3 Rb8 $19) 28... Qxe7 29. Qxc2 gxh4 30. Qf5 $15) 28. Rxf7 Ne5 29. Ra7 (29. Re7 $15 Ng6 (29... Be2 $2 30. Rd2 $18) 30. Ra7) 29... Be2 30. Rd6 h6 ({Better is} 30... gxh4 $17 {White must now prevent ...Ne1.} 31. Rxb6 Nd4 32. gxh4 Ndf3+ 33. Bxf3 Nxf3+ 34. Kg2 h5 (34... Nxh4+ $2 35. Kh3 $19)) 31. Rxb6 $2 {[%emt 0:00:03] [#]} (31. hxg5 $11 hxg5 32. Re7 (32. Rxb6 $2 Nf3+ 33. Bxf3 Bxf3 $19) 32... Nf3+ 33. Kh1) 31... Nf3+ $1 $19 32. Bxf3 Bxf3 33. hxg5 hxg5 34. g4 (34. Rg6 $2 Rd8 35. g4 Rd1+ (35... Bxg4 36. Rxg5 Bf3 37. Kh2 $11) 36. Kh2 Nd4 (36... Bxg4 37. Rxg5 Bf3 38. Rg1 $14) 37. Raxg7 Bd5 $19 (37... Bxg4 38. Rg8+ Kh7 39. R6g7+ Kh6 40. Rg6+ Kh7 41. R8g7+ Kh8 42. Rg8+ Kh7 $11) (37... Rh1+ 38. Kg3 $17)) 34... Re8 (34... Bxg4 35. Rg6 $15) 35. Rg6 {[%emt 0:00:01] [#]} Nd4 $1 (35... Bxg4 36. Rxg5 Bf3 37. Kh2 $11) 36. Rgxg7 $2 (36. Kh2 Ne6 (36... Bxg4 37. Rgxg7 Be6 38. Rgc7 $11) 37. Rxa5) 36... Re1+ $19 (36... Bxg4 37. Rh7+ Kg8 38. Rag7+ Kf8 39. Rf7+ Kg8 40. Rfg7+ Kf8 41. Rf7+ Kg8 42. Rfg7+ $11) 37. Kh2 Be4 $2 (37... Bxg4 38. Rh7+ Kg8 39. f4 $11) ({Black should play} 37... Rh1+ $19 38. Kg3 Rg1+ 39. Kh2 Rg2+ (39... Rxg4 40. Rh7+ Kg8 41. Rhg7+ Kh8 42. Rh7+ Kg8 43. Rag7+ Kf8 44. Ra7 $11) 40. Kh3 Ne6 (40... Rxg4 41. Rh7+ Kg8 42. Rag7+ Kf8 43. Rf7+ Kg8 44. Rfg7+ Kf8 45. Rc7 $11) (40... Rxf2 $2 41. Rgd7 $18) 41. Rh7+ Kg8) 38. f3 $1 $11 (38. Rac7 $2 {leads to mate.} Rh1+ 39. Kg3 Ne2#) 38... Nxf3+ 39. Kg3 Nd4 40. Rge7 Re3+ 41. Kf2 Rf3+ 42. Ke1 Re3+ 43. Kf2 Re2+ 44. Kg3 Re3+ 45. Kf2 Rf3+ 46. Ke1 Re3+ 1/2-1/2

[Event "American Cup Blitz 2024"]
[Site "Saint Louis"]
[Date "2024.03.21"]
[Round "3.6"]
[White "Hakobyan, Aram"]
[Black "Dominguez Perez, Leinier"]
[Result "0-1"]
[ECO "E28"]
[WhiteElo "2619"]
[BlackElo "2749"]
[Annotator "TA"]
[PlyCount "54"]
[EventDate "2024.03.21"]
[EventType "swiss"]
[EventCountry "USA"]
[SourceTitle "playchess.com"]
[Source "ChessBase"]
[SourceQuality "1"]
[TimeControl "180+2"]

1. d4 Nf6 2. c4 e6 3. Nc3 Bb4 4. e3 O-O 5. a3 Bxc3+ 6. bxc3 d6 7. Ne2 c5 8. Ng3 (8. d5 $11 {sieht stärker aus.}) 8... Nc6 $1 $15 9. Be2 {[%emt 0:00:01] Schwarz steht etwas besser.} b6 10. O-O Ba6 11. e4 Ne8 (11... cxd4 $15 12. cxd4 Na5) 12. f4 $11 Na5 13. f5 exf5 14. Nxf5 Kh8 15. Bf4 Bxc4 16. Bxc4 Nxc4 17. Qg4 (17. Qd3 $14 d5 18. h3) 17... Qf6 18. Rae1 cxd4 19. cxd4 Qg6 20. Qe2 d5 21. Bg3 Ned6 22. Ne7 (22. Nxd6 $11 Nxd6 23. exd5) 22... Qxe4 $15 23. Qf2 Qd3 ({Günstiger ist} 23... Qg4 $1 $15 24. Bxd6 Nxd6 25. Nxd5 Nb5) 24. Nxd5 $2 {[%emt 0:00:22][%mdl 8192] [#]} (24. Bxd6 $1 $11 {und Weiss ist OK.} Nxd6 25. Re3 Qxd4 26. Ng6+ Kg8 27. Nxf8 Rxf8 28. Re7) 24... Ne4 $19 {[%emt 0:00:02] Ein dynamisches Springerpaar.} ({Schwächer ist} 24... Qxa3 25. Qc2 Qa5 26. Bxd6 Nxd6 27. Re5 $17) 25. Qf3 (25. Qf5 {war nötig.} Qxd4+ 26. Kh1) 25... Qxd4+ {[%emt 0:00:02] Schwarz steht klar auf Gewinn.} 26. Bf2 Qxd5 27. Qxe4 Qxe4 {[%emt 0:00:01] Gewichteter Fehlerwert: Weiß=0.48/Schwarz=0.17 (sehr präzise) .  Verlustzug:     	Weiß=1     	---        Fehler:       	Weiß=4     	Schwarz=2     Ungenau:       	Weiß=1     	Schwarz=4     OK:         	Weiß=4     	Schwarz=5     Bester:       	Weiß=1     	Schwarz=3     Stark:        	---       	Schwarz=1} 0-1